AoeStats
← Lord_Wilfredo

Pilgrims

509571852Analyzed
4v4 RM · 5d ago on Sep 27, 2026· 54m 8s· 8 players
Game mode
Random Map
Map size
Large (8 player)
Population
200
Speed
Normal
Resources
Standard
Victory
Conquest
Starting age
Dark Age
Ending age
Imperial Age
RankedLock teamsTeams togetherTeam positionsShared explorationLock speedFull tech treeHidden civsTurbo modeCheats
Victory
Defeat
🇨🇳 Vikings · China
1430
+14
🇷🇺 Persians · Russia
1411
+15
🇳🇱 Saxons · Netherlands
1394
+15
🇨🇳 Varangians · China
1366
+17
🇨🇳 Bengalis · China
1425
-17
🇲🇴 Persians · Macao SAR China
1405
-16
🇺🇸 Italians · United States
1362
-14
🇦🇷 Mongols · Argentina
1343
-14
GansGanssen
11:45 Feudal Age
10:58 Loom
14:01 Double-Bit Axe
14:36 Stone Mining
16:54 Castle Age
15:13 Gold Mining
16:07 Fishing Lines
19:45 Bow Saw
19:45 Horse Collar
22:05 Heavy Plow
23:05 Wheelbarrow
24:55 Hand Cart
29:50 Imperial Age
27:28 Scale Mail Armor
28:25 Chain Mail Armor
28:59 Forging
29:57 Gold Shaft Mining
29:21 Fletching
29:53 Squires
29:39 Arson
31:06 Plate Mail Armor
30:15 Shield Wall
31:37 Bodkin Arrow
32:05 Ballistics
32:28 Bracer
31:55 Elite Hearth Troop
32:56 Conscription
34:18 Iron Casting
34:51 Two-Man Saw
36:33 Town Watch
37:16 Gambesons
36:52 Elite Varangian Guard
44:33 Padded Archer Armor
44:50 Masonry
45:41 Chemistry
44:54 Masonry
44:50 Siege Engineers
44:40 Murder Holes
47:06 Guilds
47:33 Hoardings
开心不易
4:23 Loom
13:21 Feudal Age
14:18 Double-Bit Axe
14:20 Horse Collar
14:21 Fishing Lines
19:17 Castle Age
19:03 Gold Mining
19:06 Stone Mining
20:04 Wheelbarrow
19:19 Town Watch
20:22 Bow Saw
25:19 Imperial Age
24:26 Hand Cart
25:06 Heavy Plow
27:04 Conscription
27:44 Ballistics
27:05 Treadmill Crane
29:47 Two-Man Saw
29:53 Two-Man Saw
30:40 Crop Rotation
31:50 Elite Jarl
37:04 Scale Mail Armor
37:15 Forging
37:12 Scale Barding Armor
37:48 Gothikon
40:53 Bloodlines
40:43 Husbandry
48:04 Chain Mail Armor
48:24 Iron Casting
48:10 Chain Barding Armor
阿伟
5:39 Loom
13:09 Feudal Age
14:00 Double-Bit Axe
16:47 Castle Age
14:42 Fletching
15:07 Fishing Lines
15:48 Gold Mining
17:39 Gillnets
18:11 Bow Saw
18:03 Bodkin Arrow
19:28 Town Watch
21:24 Ballistics
25:28 Crossbowman
26:40 Medium Warships
33:41 Imperial Age
32:21 Elite Skirmisher
33:58 Masonry
34:10 Padded Archer Armor
34:12 Arbalester
34:53 Bracer
35:09 Leather Archer Armor
38:29 Chemistry
40:51 Ring Archer Armor
44:12 Conscription
47:25 Town Patrol
50:42 Horse Collar
52:07 Two-Man Saw
51:53 Heavy Plow
Landau
6:33 Loom
11:37 Feudal Age
15:22 Castle Age
16:14 Medium Warships
16:43 Fishing Lines
17:33 Double-Bit Axe
23:42 Wheelbarrow
24:55 Bow Saw
25:18 Horse Collar
28:27 Fletching
32:54 Imperial Age
30:59 Stone Mining
31:56 Pikeman
32:37 Squires
34:19 Scale Mail Armor
34:29 Forging
34:34 Halberdier
36:14 Chain Mail Armor
36:34 Iron Casting
37:27 Plate Mail Armor
38:51 Heavy Plow
40:34 Chemistry
40:38 Hand Cart
40:57 Conscription
44:59 Blast Furnace
44:47 Masonry
45:01 Ballistics
44:37 Bodkin Arrow
46:01 Architecture
48:01 Arson
48:46 Scale Barding Armor
49:45 Hoardings
48:34 Elite War Elephant
50:06 Murder Holes
50:16 Kamandaran
50:30 Citadels
53:18 Bloodlines
53:08 Husbandry
53:59 Guilds
jimmy211211
4:28 Loom
14:18 Feudal Age
14:59 Double-Bit Axe
20:16 Castle Age
18:11 Fishing Lines
18:55 Horse Collar
20:53 Medium Warships
23:17 Wheelbarrow
24:51 Bow Saw
25:18 Heavy Plow
26:54 Hand Cart
30:24 Town Watch
34:05 Imperial Age
32:17 Bloodlines
32:08 Husbandry
33:43 Cavalier
35:30 Two-Man Saw
36:26 Crop Rotation
36:40 Forging
36:36 Scale Barding Armor
39:43 Iron Casting
39:28 Chain Barding Armor
38:33 Light Cavalry
39:58 Gold Mining
39:58 Stone Mining
47:36 Onager
50:07 Savar
Lord_Wilfredo
6:10 Loom
11:51 Feudal Age
15:56 Castle Age
14:03 Double-Bit Axe
14:10 Fletching
14:52 Fishing Lines
16:52 Bow Saw
16:40 Bodkin Arrow
17:23 Gillnets
17:55 Town Watch
24:52 Gold Mining
24:53 Stone Mining
26:54 Wheelbarrow
31:00 Imperial Age
29:58 Gold Shaft Mining
30:00 Hand Cart
30:16 Ballistics
31:50 Bloodlines
32:14 Conscription
32:25 Capped Ram
34:09 Padded Archer Armor
36:49 Bracer
37:14 Leather Archer Armor
38:01 Chemistry
38:23 Parthian Tactics
38:04 Thumb Ring
43:22 Husbandry
42:42 Light Cavalry
44:00 Elite Skirmisher
45:42 Scale Barding Armor
45:48 Forging
小农民
13:54 Feudal Age
12:11 Loom
15:00 Fishing Lines
18:18 Castle Age
16:08 Double-Bit Axe
19:23 Wheelbarrow
23:18 Imperial Age
22:32 Gold Mining
22:33 Stone Mining
22:40 Stone Mining
22:46 Horse Collar
24:35 Fletching
24:45 Padded Archer Armor
25:48 Chemistry
25:09 Ballistics
27:48 Husbandry
27:58 Bloodlines
27:39 Elite Elephant Archer
29:30 Bodkin Arrow
30:55 Town Watch
31:31 Bow Saw
33:55 Bracer
34:11 Leather Archer Armor
35:50 Paiks
36:05 Conscription
35:17 Elite Battle Elephant
36:06 Scale Barding Armor
36:12 Forging
38:23 Ring Archer Armor
38:16 Chain Barding Armor
38:31 Iron Casting
42:27 Plate Barding Armor
42:53 Blast Furnace
44:35 Light Cavalry
Fs.Caboclo
11:02 Loom
13:42 Feudal Age
16:45 Wheelbarrow
16:02 Fletching
20:06 Castle Age
19:58 Gold Mining
21:00 Medium Warships
20:46 Bodkin Arrow
20:58 Double-Bit Axe
24:43 Fishing Lines
28:13 Bow Saw
30:28 Ballistics
32:45 Imperial Age
31:45 Padded Archer Armor
31:46 Gillnets
33:55 Heavy Warships
33:37 Bracer
34:47 Chemistry
42:56 Hand Cart
45:25 Elite Skirmisher
51:00 Thumb Ring
Connection lost

Rejoining the realm…

Still unreachable

The connection could not be restored.

Session expired

The server has moved on; the page needs a fresh start.